AoeStats
← Simon Stokvis

Hideout

503643186Analyzed
4v4 RM · 1mo ago on Sep 1, 2026· 56m 53s· 8 players
Game mode
Random Map
Map size
Large (8 player)
Population
200
Speed
Normal
Resources
Standard
Victory
Conquest
Starting age
Dark Age
Ending age
Imperial Age
RankedLock teamsTeams togetherTeam positionsShared explorationLock speedFull tech treeHidden civsTurbo modeCheats
Victory
Defeat
🇧🇷 Khitans · Brazil
1679
+10
🇺🇸 Inca · United States
1677
+10
🇩🇪 Slavs · Germany
1605
+13
🇳🇱 Portuguese · Netherlands
1522
+17
🇩🇪 Aztecs · Germany
1692
-19
🇨🇳 Hindustanis · China
1528
-12
🇹🇭 Celts · Thailand
1463
-9
🇩🇪 Malians · Germany
1460
-9
[Liiit] Zbyszek
6:38 Loom
8:27 Loom
10:59 Feudal Age
14:40 Castle Age
12:33 Horse Collar
13:03 Double-Bit Axe
15:34 Bow Saw
15:25 Heavy Plow
21:16 Wheelbarrow
20:29 Light Cavalry
22:09 Scale Barding Armor
22:15 Forging
22:18 Bloodlines
24:32 Chain Barding Armor
26:12 Forging
26:26 Stone Mining
26:27 Gold Mining
31:44 Iron Casting
33:18 Husbandry
40:03 Imperial Age
37:18 Man-at-Arms
37:58 Squires
38:20 Scale Mail Armor
39:19 Hand Cart
39:40 Chain Mail Armor
38:46 Long Swordsman
41:17 Plate Mail Armor
41:48 Blast Furnace
40:13 Two-Handed Swordsman
41:32 Conscription
40:58 Champion
42:43 Siege Engineers
45:21 Caravan
47:28 Town Watch
48:07 Masonry
50:25 Coinage
50:30 Gold Mining
52:47 Druzhina
54:43 Detinets
56:10 Two-Man Saw
55:41 Crop Rotation
55:45 Fletching
57:10 Gold Shaft Mining
dse
10:47 Feudal Age
15:32 Castle Age
13:32 Double-Bit Axe
13:30 Domestication
15:34 Light Cavalry
16:55 Loom
22:46 Pastoralism
24:32 Scale Barding Armor
25:47 Bow Saw
27:53 Chain Barding Armor
29:59 Forging
32:25 Iron Casting
33:42 Wheelbarrow
35:17 Hand Cart
35:50 Husbandry
36:33 Fletching
39:23 Imperial Age
37:45 Gold Mining
38:06 Bodkin Arrow
38:07 Stone Mining
39:27 Elite Steppe Lancer
40:51 Plate Barding Armor
41:44 Bracer
42:01 Ordo Cavalry
42:40 Transhumance
43:12 Two-Man Saw
42:13 Capped Ram
42:37 Hussar
44:19 Conscription
44:19 Scale Mail Armor
44:19 Padded Archer Armor
44:10 Town Watch
44:49 Siege Ram
47:27 Coinage
49:45 Banking
49:59 Chain Mail Armor
50:00 Leather Archer Armor
49:06 Pikeman
49:46 Squires
49:32 Arson
49:56 Caravan
51:17 Ballistics
51:57 Chemistry
51:03 Siege Engineers
51:10 Lamellar Armor
Simon Stokvis
8:49 Feudal Age
11:43 Fletching
13:41 Padded Archer Armor
20:39 Castle Age
20:56 Crossbowman
21:42 Thumb Ring
37:08 Bodkin Arrow
37:28 Leather Archer Armor
45:47 Ballistics
47:17 Town Watch
51:32 Elite Skirmisher
57:50 Imperial Age
busy pushing deer
8:38 Feudal Age
8:40 Champi Runner
9:21 Arson
10:01 Double-Bit Axe
13:16 Loom
15:10 Fletching
15:47 Gold Mining
25:32 Castle Age
24:25 Padded Archer Armor
24:32 Horse Collar
25:34 Crossbowman
26:21 Bodkin Arrow
27:07 Bow Saw
28:17 Ballistics
28:35 Thumb Ring
31:15 Wheelbarrow
30:25 Town Watch
34:07 Heavy Plow
34:44 Gold Shaft Mining
39:08 Imperial Age
39:49 Bracer
39:11 Arbalester
41:47 Chemistry
41:04 Stone Mining
43:53 Pikeman
44:34 Squires
45:25 Halberdier
48:31 Scale Mail Armor
50:32 Crop Rotation
50:38 Stone Shaft Mining
50:31 Chain Mail Armor
51:12 Coinage
51:35 Plate Mail Armor
51:57 Forging
52:35 Banking
54:15 Conscription
54:48 Caravan
54:59 Guilds
57:13 Iron Casting
TheBlackMamba
8:54 Feudal Age
9:32 Double-Bit Axe
13:21 Fletching
15:05 Padded Archer Armor
18:42 Wheelbarrow
21:50 Castle Age
21:55 Crossbowman
22:36 Bodkin Arrow
24:03 Ballistics
28:30 Loom
30:19 Thumb Ring
31:56 Leather Archer Armor
40:03 Imperial Age
41:49 Chemistry
42:00 Arbalester
44:20 Ring Archer Armor
46:03 Hand Cart
50:27 Caravan
Blackout
10:47 Feudal Age
11:07 Feudal Age
11:45 Double-Bit Axe
14:44 Castle Age
12:33 Horse Collar
14:50 Loom
16:00 Gold Mining
19:05 Sanctity
20:24 Fervor
21:23 Redemption
29:42 Wheelbarrow
28:53 Town Watch
31:21 Atonement
31:51 Eagle Warrior
32:04 Pikeman
32:44 Squires
36:25 Forging
36:16 Scale Mail Armor
37:23 Heavy Plow
37:33 Bow Saw
38:18 Iron Casting
40:38 Imperial Age
38:57 Arson
39:59 Chain Mail Armor
42:46 Plate Mail Armor
42:27 Elite Eagle Warrior
43:26 Man-at-Arms
47:50 Blast Furnace
47:41 Gold Shaft Mining
47:38 Crop Rotation
47:23 Caravan
49:03 Garland Wars
50:29 Conscription
51:17 Elite Jaguar Warrior
56:01 Fletching
enzoyin68
8:25 Feudal Age
9:26 Double-Bit Axe
10:09 Horse Collar
14:32 Wheelbarrow
17:32 Forging
17:44 Scale Barding Armor
21:59 Castle Age
20:21 Gold Mining
21:10 Bloodlines
23:11 Chain Barding Armor
23:47 Gold Shaft Mining
23:38 Bow Saw
23:30 Heavy Plow
24:21 Husbandry
24:14 Loom
27:13 Iron Casting
33:40 Hand Cart
36:06 Imperial Age
33:48 Loom
34:49 Stone Mining
35:04 Town Watch
36:02 Masonry
35:45 Light Cavalry
37:23 Plate Barding Armor
36:14 Heavy Camel Rider
39:06 Blast Furnace
39:13 Chemistry
38:11 Fletching
38:52 Imperial Camel Rider
40:20 Conscription
47:13 Hussar
503058320
8:59 Feudal Age
9:35 Double-Bit Axe
9:40 Gold Mining
9:48 Gold Mining
14:13 Loom
14:18 Fletching
15:45 Padded Archer Armor
23:26 Castle Age
24:25 Wheelbarrow
23:44 Crossbowman
24:23 Bodkin Arrow
27:18 Ballistics
28:10 Town Watch
33:51 Leather Archer Armor
34:06 Hand Cart
41:44 Imperial Age
41:03 Town Patrol
40:48 Treadmill Crane
41:18 Masonry
41:29 Bow Saw
41:31 Scale Mail Armor
40:53 Pikeman
42:18 Forging
42:47 Gold Shaft Mining
43:43 Chemistry
45:42 Conscription
45:40 Chain Mail Armor
45:47 Horse Collar
48:26 Plate Mail Armor
49:39 Iron Casting
50:00 Elite Woad Raider
52:17 Blast Furnace
51:30 Caravan
51:48 Heavy Plow
53:25 Capped Ram
55:05 Siege Ram
Connection lost

Rejoining the realm…

Still unreachable

The connection could not be restored.

Session expired

The server has moved on; the page needs a fresh start.